 Dungeon Crawl Stone Soup version 0.26.1-11-gd32895ea62 (webtiles) character file.

Game seed: 15647711051057707693

425 Edgeworth the Chopper (level 6, 0/57 HPs)
             Began as a Deep Dwarf Berserker on May 21, 2021.
             Was a Believer of Trog.
             Slain by Grinder (5 damage)
             ... on level 4 of the Dungeon.
             The game lasted 00:05:11 (2101 turns).

Edgeworth the Chopper (Deep Dwarf Berserker)        Turns: 2101, Time: 00:05:11

Health: 0/57       AC:  6    Str: 23    XL:     6   Next: 64%
Magic:  0/6        EV: 11    Int:  7    God:    Trog [**....]
Gold:   182        SH:  0    Dex: 12    Spells: 5/5 levels left

rFire    . . .     SeeInvis .   a - +0 hand axe
rCold    . . .     Faith    .   (no shield)
rNeg     . . .     Spirit   +   o - +0 scale mail
rPois    .         Reflect  .   (no helmet)
rElec    .         Harm     .   (no cloak)
rCorr    .         Rampage  .   (no gloves)
Will     ++...                  (no boots)
Stlth    ..........             b - amulet of guardian spirit (curse)
HPRegen  1.00/turn              (no ring)
MPRegen  0.10/turn              (no ring)

@: non-regenerating
A: damage resistance, heal wounds, sense surroundings 1, no regeneration
a: Heal Wounds, Renounce Religion, Berserk, Trog's Hand


You were on level 4 of the Dungeon.
You worshipped Trog.
Trog was pleased with you.
You visited 1 branch of the dungeon, and saw 4 of its levels.

You collected 182 gold pieces.

Inventory:

Hand Weapons
 a - a +0 hand axe (weapon)
 n - a +1 dagger of venom
 t - a +2 dagger of venom
Armour
 m - a +0 ring mail
 o - a +0 scale mail (worn)
Jewellery
 b - a cursed amulet of guardian spirit (around neck)
 u - a cursed ring of attention {unknown}
Scrolls
 c - a scroll of fear {unknown}
 d - 5 scrolls of remove curse {unknown}
 f - 2 scrolls of identify {unknown}
 g - 2 scrolls of enchant armour {unknown}
 h - a scroll of immolation {unknown}
 i - 2 scrolls of teleportation {unknown}
 j - 2 scrolls of amnesia {unknown}
 s - a scroll of magic mapping {unknown}
Potions
 e - 2 potions of curing
 k - a potion of degeneration {unknown}
 l - a potion of cancellation {unknown}
 p - 2 potions of haste {unknown}
 q - a potion of mutation {unknown}
 r - a potion of berserk rage {unknown}


   Skills:
 + Level 3.9 Fighting
 + Level 6.3 Axes
 + Level 3.5 Armour
 + Level 3.6 Dodging


You had 5 spell levels left.
You didn't know any spells.
Your spell library was empty.

Dungeon Overview and Level Annotations

Branches:
Dungeon (4/15)
 Temple: D:4-7

Altars:
Vehumet

Annotations:
D:4 Grinder


Innate Abilities, Weirdness & Mutations

You are resistant to damage.
You can heal yourself by infusing magical energy.
You passively map a small area around you.
You do not regenerate.


Message History

You writhe in agony.
You closely miss Grinder.
Grinder is severely wounded.
Grinder barely misses you.
Your skin crawls.
You feel strong-willed. Grinder closely misses you.
You hit Grinder.
Grinder is severely wounded.
Grinder hits you.
* * * LOW HITPOINT WARNING * * *
You writhe in agony.
* * * LOW HITPOINT WARNING * * *
You closely miss Grinder.
Grinder is severely wounded.
Grinder hits you but does no damage.
You hit Grinder.
Grinder is severely wounded.
Grinder hits you!
You die...

#.# , , #.# , , #.#
#.# , , #.# #.# *
#######.# #.# ,, ,
, , *>.....#.#####
#^# * *,
#.......####.### ,
#(.5........)..#
#.@#######...#.# *
*
#..#.........#.##,
#..#.#####......###
* #.<#, #...#.....
, , #..# #...#.####
* * * #..# *
#...#..... ####
##.####### * **#.#
..#


You could see Grinder.

Vanquished Creatures
  A bullfrog (D:4)
  2 orc priests
  3 orc wizards
  Terence (D:3)
  Natasha (thrice) (D:3)
  6 adders
  A worm (D:2)
  3 leopard geckos
  9 orcs
  A ball python (D:2)
  2 giant cockroaches
  13 goblins
  6 hobgoblins
  6 kobolds
  A quokka (D:2)
  3 bats
  3 frilled lizards
  A leopard gecko skeleton (D:2)
  5 rats
70 creatures vanquished.

Notes
Turn   | Place    | Note
-------+----------+-------------------------------------------
     0 | D:1      | Edgeworth the Deep Dwarf Berserker began the quest for the
                  | Orb.
     0 | D:1      | Reached XP level 1. HP: 20/20 MP: 1/1
   216 | D:1      | Reached XP level 2. HP: 20/27 MP: 2/2
   805 | D:2      | Reached skill level 4 in Axes
   805 | D:2      | Reached XP level 3. HP: 26/34 MP: 3/3
   892 | D:2      | Reached ** piety under Trog
  1063 | D:2      | Reached XP level 4. HP: 17/42 MP: 4/4
  1324 | D:3      | Reached skill level 5 in Axes
  1324 | D:3      | Reached XP level 5. HP: 15/49 MP: 5/5
  1339 | D:3      | Found a radiant altar of Vehumet.
  1516 | D:3      | Noticed Terence
  1526 | D:3      | Killed Terence
  1693 | D:3      | Noticed Natasha
  1701 | D:3      | HP: 2/49 [Natasha (3)]
  1703 | D:3      | Killed Natasha
  1755 | D:3      | Noticed Natasha
  1765 | D:3      | Killed Natasha
  1781 | D:3      | Noticed Natasha
  1794 | D:3      | HP: 2/50 [crimson imp[Natasha] (2)]
  1805 | D:3      | Killed Natasha
  1806 | D:3      | Reached XP level 6. HP: 23/57 MP: 0/6
  1836 | D:4      | Reached skill level 6 in Axes
  2080 | D:4      | Noticed Grinder
  2101 | D:4      | Slain by Grinder

Illustrated notes

Levels and vault maps discovered:
D:1:      heliophobic_arrival_ceremonial_halls, layout_basic
D:2:      cheibrodos_pilgrimage, layout_loops_ring, patterned_corridor
D:3:      layout_basic, fiery_altar_vehumet, uniq_terence, uniq_natasha
D:4:      layout_basic, minmay_temple_entry_wispy, gup_sewer_entry_bubbles,
          uniq_grinder

Skill      XL: |  1  2  3  4  5  6 |
---------------+-------------------+-----
Fighting       | 3 |  3.9
Axes           | 4 5 6 |  6.3
Dodging        | 3 |  3.6
Armour         | 3 |  3.5

Action                   |  1- 3 |  4- 6 || total
-------------------------+-------+-------++-------
Melee: Hand axe          |   114 |   210 ||   324
Invok: Trog's Hand       |       |     9 ||     9
 Abil: Heal Wounds       |     1 |     2 ||     3
 Stab: Sleeping          |     2 |       ||     2
Armor: Animal skin       |    10 |       ||    10
       Ring mail         |     7 |    23 ||    30
       Scale mail        |       |    53 ||    53
Dodge: Dodged            |    75 |   145 ||   220
